[ AOE2 MATCH · #505828344 ]
UnrankedVietnamese vs Aztecs
Player's team · LOSS
Rival team · WIN
[ REPLAY ANALYSIS · EXTRACTED FROM THE RECORDED GAME ]
Feudal
12:26
Castle
20:52
Imperial
—
| APM avg | 31.1 |
| APM peak | 67 |
| eAPM avg | 16.0 |
| Villagers / military | 72 / 10 |
Focus
⚔️ 34.3% · 🌾 65.7%
Fishing Ship ×8 · Battle Elephant ×6 · Battering Ram ×3 · Monk ×1
Feudal
9:52
Castle
23:32
Imperial
30:36
| APM avg | 40.1 |
| APM peak | 83 |
| eAPM avg | 17.1 |
| Villagers / military | 59 / 35 |
Focus
⚔️ 29.7% · 🌾 70.3%
Monk ×20 · Militia ×11 · Trebuchet (Packed) ×3 · Spearman ×1 · Unknown (2633) ×1
Match map
Initial resources + every placement click. Lines = walls · curves = elevation contours. ◆ gold · ⬟ stone · ● berries · ✦ relic · ◌ wall gap
Your base· ✓ Closed at 20:52 · 77t walls · 1 gate(s)
babelfisch's base· Open — opponent sealed themselves in
Smoothed initial terrain · ◌ = detected wall gap · hover for details
Inputs per minute
— Bart - - babelfisch
Build order — Bart
First 150 of 186 actions detected
| 0:00 | Queue | Villager (Male) |
| 0:00 | Queue | Villager (Male) |
| 0:01 | Queue | Villager (Male) |
| 0:04 | Build | House |
| 0:05 | Build | House |
| 0:12 | Queue | Villager (Male) |
| 0:12 | Queue | Villager (Male) |
| 1:12 | Build | Palisade Wall |
| 1:25 | Build | Palisade Wall |
| 1:27 | Build | Palisade Wall |
| 1:39 | Queue | Villager (Male) |
| 2:06 | Queue | Villager (Male) |
| 2:29 | Build | Lumber Camp |
| 2:32 | Queue | Villager (Male) |
| 3:05 | Queue | Villager (Male) |
| 3:26 | Queue | Villager (Male) |
| 3:49 | Build | House |
| 3:53 | Queue | Villager (Male) |
| 4:12 | Queue | Villager (Male) |
| 4:45 | Queue | Villager (Male) |
| 4:45 | Queue | Villager (Male) |
| 5:03 | Build | House |
| 5:28 | Queue | Villager (Male) |
| 5:28 | Queue | Villager (Male) |
| 5:51 | Build | Dock |
| 6:10 | Queue | Villager (Male) |
| 6:10 | Queue | Villager (Male) |
| 6:57 | Queue | Villager (Male) |
| 8:09 | Queue | Villager (Male) |
| 8:09 | Queue | Villager (Male) |
| 8:09 | Queue | Villager (Male) |
| 8:09 | Queue | Villager (Male) |
| 8:12 | Queue | Fishing Ship |
| 8:13 | Queue | Fishing Ship |
| 8:13 | Queue | Fishing Ship |
| 8:13 | Queue | Fishing Ship |
| 8:13 | Queue | Fishing Ship |
| 8:19 | Build | House |
| 8:43 | Build | Dock |
| 9:18 | Queue | Fishing Ship |
| 9:24 | Build | House |
| 9:31 | Build | Mill |
| 9:39 | Queue | Fishing Ship |
| 9:40 | Queue | Villager (Male) |
| 9:56 | Queue | Fishing Ship |
| 10:16 | Research | Feudal Age |
| 10:28 | Build | Palisade Wall |
| 10:31 | Build | Palisade Wall |
| 10:35 | Build | Palisade Wall |
| 10:42 | Build | Palisade Wall |
| 10:48 | Build | House |
| 11:36 | Build | Palisade Wall |
| 11:38 | Build | Palisade Wall |
| 11:44 | Build | Palisade Wall |
| 12:26 | Age | Feudal Age |
| 12:28 | Queue | Villager (Male) |
| 12:34 | Research | Town Watch |
| 12:56 | Queue | Villager (Male) |
| 13:04 | Build | Palisade Wall |
| 13:06 | Build | Palisade Wall |
| 13:11 | Build | Watch Tower |
| 13:21 | Queue | Villager (Male) |
| 13:59 | Research | Loom |
| 14:20 | Queue | Villager (Male) |
| 14:28 | Build | Mining Camp |
| 14:34 | Build | Palisade Gate |
| 14:47 | Queue | Villager (Male) |
| 14:47 | Queue | Villager (Male) |
| 15:24 | Queue | Villager (Male) |
| 15:46 | Build | Palisade Wall |
| 16:12 | Build | Palisade Wall |
| 16:13 | Build | Palisade Wall |
| 16:15 | Queue | Villager (Male) |
| 16:19 | Build | Outpost |
| 16:23 | Build | Market |
| 16:33 | Queue | Villager (Male) |
| 16:33 | Queue | Villager (Male) |
| 16:35 | Build | Blacksmith |
| 16:38 | Build | House |
| 16:45 | Build | Palisade Wall |
| 17:03 | Build | Stone Wall |
| 17:11 | Build | Stone Wall |
| 17:15 | Build | Stone Wall |
| 17:19 | Build | Stone Wall |
| 18:12 | Research | Castle Age |
| 18:15 | Queue | Villager (Male) |
| 18:57 | Build | Palisade Wall |
| 19:01 | Build | Palisade Wall |
| 19:12 | Queue | Villager (Male) |
| 19:29 | Build | Lumber Camp |
| 20:12 | Build | Palisade Wall |
| 20:14 | Build | Palisade Wall |
| 20:52 | Age | Castle Age |
| 21:37 | Build | Town Center |
| 21:41 | Build | Monastery |
| 21:45 | Queue | Villager (Male) |
| 22:08 | Build | Farm |
| 22:17 | Build | Farm |
| 22:23 | Build | Farm |
| 22:37 | Build | Palisade Wall |
| 22:38 | Build | Palisade Wall |
| 22:50 | Build | Farm |
| 22:51 | Build | Farm |
| 22:59 | Build | Farm |
| 23:01 | Build | Farm |
| 23:04 | Build | Farm |
| 23:05 | Queue | Villager (Male) |
| 23:05 | Queue | Villager (Male) |
| 23:23 | Build | Farm |
| 23:28 | Build | Farm |
| 23:29 | Build | Farm |
| 23:40 | Build | Farm |
| 23:45 | Queue | Villager (Male) |
| 24:01 | Build | Farm |
| 24:01 | Build | Farm |
| 24:02 | Queue | Villager (Male) |
| 24:09 | Build | Farm |
| 24:16 | Build | Farm |
| 24:17 | Queue | Villager (Male) |
| 24:33 | Queue | Monk |
| 24:36 | Queue | Villager (Male) |
| 24:42 | Build | Farm |
| 24:47 | Build | Farm |
| 24:48 | Queue | Villager (Male) |
| 24:57 | Queue | Villager (Male) |
| 25:05 | Queue | Villager (Male) |
| 25:07 | Build | House |
| 25:09 | Build | House |
| 25:20 | Build | Farm |
| 25:21 | Queue | Villager (Male) |
| 25:26 | Build | Farm |
| 25:32 | Queue | Villager (Male) |
| 25:33 | Queue | Villager (Male) |
| 25:41 | Build | Farm |
| 25:51 | Queue | Villager (Male) |
| 26:32 | Build | Market |
| 27:23 | Queue | Villager (Male) |
| 27:23 | Queue | Villager (Male) |
| 27:24 | Queue | Villager (Male) |
| 27:24 | Queue | Villager (Male) |
| 27:25 | Queue | Villager (Male) |
| 27:37 | Build | Siege Workshop |
| 28:01 | Build | Town Center |
| 28:17 | Queue | Villager (Male) |
| 28:17 | Queue | Villager (Male) |
| 28:17 | Queue | Villager (Male) |
| 28:18 | Queue | Villager (Male) |
| 28:29 | Queue | Battering Ram |
| 28:38 | Queue | Villager (Male) |
| 28:39 | Queue | Villager (Male) |
Build order — babelfisch
First 150 of 171 actions detected
| 0:00 | Queue | Villager (Male) |
| 0:00 | Queue | Villager (Male) |
| 0:01 | Queue | Villager (Male) |
| 0:01 | Queue | Villager (Male) |
| 0:02 | Build | House |
| 0:03 | Build | House |
| 0:17 | Research | Loom |
| 0:18 | Queue | Villager (Male) |
| 0:18 | Queue | Villager (Male) |
| 0:18 | Queue | Villager (Male) |
| 1:11 | Build | Palisade Wall |
| 1:23 | Build | Palisade Wall |
| 1:24 | Build | Palisade Wall |
| 1:25 | Build | Palisade Wall |
| 1:44 | Build | Palisade Wall |
| 2:00 | Build | Lumber Camp |
| 2:05 | Queue | Villager (Male) |
| 2:27 | Queue | Villager (Male) |
| 2:59 | Queue | Villager (Male) |
| 3:21 | Queue | Villager (Male) |
| 3:42 | Queue | Villager (Male) |
| 4:07 | Queue | Villager (Male) |
| 4:22 | Queue | Villager (Male) |
| 4:24 | Build | House |
| 4:52 | Queue | Villager (Male) |
| 4:53 | Queue | Villager (Male) |
| 5:08 | Build | Mill |
| 5:38 | Queue | Villager (Male) |
| 5:58 | Queue | Villager (Male) |
| 5:58 | Queue | Villager (Male) |
| 5:58 | Queue | Villager (Male) |
| 6:12 | Build | House |
| 7:12 | Queue | Villager (Male) |
| 7:15 | Build | Barracks |
| 7:42 | Research | Feudal Age |
| 7:58 | Queue | Militia |
| 8:21 | Queue | Militia |
| 8:32 | Queue | Militia |
| 9:11 | Queue | Militia |
| 9:52 | Age | Feudal Age |
| 9:52 | Research | Man-at-Arms (upgrade) |
| 9:58 | Queue | Villager (Male) |
| 9:58 | Queue | Villager (Male) |
| 10:11 | Build | Watch Tower |
| 10:30 | Build | House |
| 10:38 | Build | House |
| 10:41 | Queue | Militia |
| 10:43 | Queue | Villager (Male) |
| 10:51 | Build | Mining Camp |
| 11:12 | Queue | Villager (Male) |
| 11:26 | Queue | Villager (Male) |
| 11:46 | Queue | Villager (Male) |
| 11:57 | Queue | Villager (Male) |
| 11:59 | Research | Double-Bit Axe |
| 12:12 | Queue | Villager (Male) |
| 12:50 | Queue | Villager (Male) |
| 13:02 | Build | Watch Tower |
| 13:15 | Build | Farm |
| 13:17 | Build | Farm |
| 13:17 | Build | Farm |
| 13:19 | Build | Farm |
| 13:37 | Queue | Villager (Male) |
| 13:40 | Build | Watch Tower |
| 13:59 | Queue | Villager (Male) |
| 14:00 | Queue | Villager (Male) |
| 14:14 | Queue | Militia |
| 14:34 | Queue | Villager (Male) |
| 14:42 | Build | House |
| 14:43 | Build | House |
| 14:44 | Queue | Militia |
| 14:47 | Build | House |
| 15:21 | Queue | Villager (Male) |
| 15:28 | Build | Farm |
| 15:29 | Build | Farm |
| 15:30 | Build | Farm |
| 15:30 | Build | Farm |
| 15:40 | Build | Watch Tower |
| 15:48 | Queue | Militia |
| 15:49 | Queue | Militia |
| 16:02 | Queue | Villager (Male) |
| 16:12 | Build | Farm |
| 16:13 | Build | Farm |
| 16:14 | Build | Farm |
| 16:18 | Build | Blacksmith |
| 16:27 | Build | Watch Tower |
| 16:42 | Queue | Villager (Male) |
| 16:57 | Build | Mining Camp |
| 17:21 | Queue | Villager (Male) |
| 17:48 | Build | Mining Camp |
| 17:51 | Queue | Villager (Male) |
| 17:55 | Queue | Villager (Male) |
| 18:18 | Queue | Villager (Male) |
| 18:34 | Build | Watch Tower |
| 18:51 | Build | Watch Tower |
| 18:58 | Queue | Villager (Male) |
| 18:59 | Queue | Militia |
| 19:00 | Queue | Militia |
| 19:05 | Build | Mining Camp |
| 19:19 | Queue | Villager (Male) |
| 19:38 | Queue | Villager (Male) |
| 19:45 | Build | Market |
| 19:52 | Build | Watch Tower |
| 20:15 | Queue | Villager (Male) |
| 20:38 | Research | Castle Age |
| 21:16 | Build | Watch Tower |
| 21:39 | Queue | Villager (Male) |
| 23:05 | Build | Farm |
| 23:06 | Build | Farm |
| 23:06 | Build | Farm |
| 23:07 | Build | Farm |
| 23:32 | Age | Castle Age |
| 23:39 | Build | Monastery |
| 23:52 | Queue | Spearman |
| 23:56 | Build | House |
| 23:59 | Build | House |
| 24:00 | Build | House |
| 24:15 | Build | Farm |
| 24:24 | Queue | Villager (Male) |
| 24:25 | Research | Horse Collar |
| 24:36 | Queue | Monk |
| 25:05 | Build | Farm |
| 25:07 | Build | Farm |
| 25:19 | Research | Town Watch |
| 25:26 | Build | House |
| 25:29 | Queue | Villager (Male) |
| 26:14 | Build | Castle |
| 26:34 | Queue | Villager (Male) |
| 26:43 | Queue | Villager (Male) |
| 26:48 | Queue | Monk |
| 27:14 | Build | Watch Tower |
| 27:26 | Research | Imperial Age |
| 27:30 | Build | Mining Camp |
| 27:40 | Research | Fletching |
| 27:45 | Build | Monastery |
| 28:05 | Queue | Villager (Male) |
| 28:18 | Build | Monastery |
| 28:22 | Research | Fervor |
| 28:49 | Queue | Villager (Male) |
| 28:50 | Queue | Villager (Male) |
| 28:53 | Research | Sanctity |
| 28:55 | Queue | Monk |
| 28:59 | Research | Gold Mining |
| 29:07 | Build | House |
| 29:08 | Build | House |
| 29:28 | Queue | Monk |
| 29:28 | Queue | Monk |
| 29:29 | Queue | Monk |
| 29:56 | Research | Redemption |
| 30:22 | Research | Devotion |
| 30:36 | Age | Imperial Age |
Match timeline
| 1:11 | babelfisch · wall_segment Palisade Wall x9 |
| 1:12 | Bart · wall_segment Palisade Wall x10 |
| 1:23 | babelfisch · wall_segment Palisade Wall x1 |
| 1:24 | babelfisch · wall_segment Palisade Wall x1 |
| 1:25 | babelfisch · wall_segment Palisade Wall x1 |
| 1:25 | Bart · wall_segment Palisade Wall x1 |
| 1:27 | Bart · wall_segment Palisade Wall x7 |
| 1:44 | babelfisch · wall_segment Palisade Wall x1 |
| 5:51 | Bart · first_building Dock |
| 7:15 | babelfisch · first_building Barracks |
| 9:52 | babelfisch · age_up feudal |
| 10:28 | Bart · wall_segment Palisade Wall x1 |
| 10:31 | Bart · wall_segment Palisade Wall x8 |
| 10:35 | Bart · wall_segment Palisade Wall x6 |
| 10:42 | Bart · wall_segment Palisade Wall x7 |
| 11:36 | Bart · wall_segment Palisade Wall x1 |
| 11:38 | Bart · wall_segment Palisade Wall x9 |
| 11:44 | Bart · wall_segment Palisade Wall x4 |
| 12:26 | Bart · age_up feudal |
| 13:04 | Bart · wall_segment Palisade Wall x2 |
| 13:06 | Bart · wall_segment Palisade Wall x4 |
| 15:46 | Bart · wall_segment Palisade Wall x2 |
| 16:12 | Bart · wall_segment Palisade Wall x1 |
| 16:13 | Bart · wall_segment Palisade Wall x2 |
| 16:45 | Bart · wall_segment Palisade Wall x2 |
| 17:03 | Bart · wall_segment Stone Wall x1 |
| 17:11 | Bart · wall_segment Stone Wall x1 |
| 17:15 | Bart · wall_segment Stone Wall x1 |
| 17:19 | Bart · wall_segment Stone Wall x1 |
| 17:32 | Bart · first_market_sell 100 food |
| 17:46 | Bart · first_market_buy 100 stone |
| 18:57 | Bart · wall_segment Palisade Wall x4 |
| 19:01 | Bart · wall_segment Palisade Wall x3 |
| 20:12 | Bart · wall_segment Palisade Wall x3 |
| 20:14 | Bart · wall_segment Palisade Wall x4 |
| 20:30 | babelfisch · first_market_sell 100 wood |
| 20:52 | Bart · age_up castle |
| 21:41 | Bart · first_building Monastery |
| 22:37 | Bart · wall_segment Palisade Wall x1 |
| 22:38 | Bart · wall_segment Palisade Wall x1 |
| 23:32 | babelfisch · age_up castle |
| 23:39 | babelfisch · first_building Monastery |
| 26:14 | babelfisch · first_building Castle |
| 27:01 | babelfisch · first_market_buy 100 stone |
| 27:37 | Bart · first_building Siege Workshop |
| 30:23 | Bart · first_building Barracks |
| 30:36 | babelfisch · age_up imperial |
| 31:30 | Bart · first_building Stable |
| 34:34 | Bart · resign |
[ AI ANALYSIS · 1 CREDIT ]
What really happened in this match?
Wolo.gg analyzes every decision: build order, eco, micro, common mistakes by bracket. Personalized analysis on WhatsApp or Discord in 30 seconds.
Civ guide
Vietnamese
Perfil
Jugador #616367